 Dungeon Sprint DCSS version 0.17-a0-1468-gbf503c2 (webtiles) character file.

7777 pulse the Formicid Blade (level 11, -8/85 HPs)
             Began as a Formicid Berserker on July 1, 2015.
             Was the Champion of Trog.
             Mangled by an orc warrior
             ... wielding a +0 glaive
              (25 damage)
             ... in the Dungeon (Sprint IX: "|||||||||||||||||||||||||||||").
             The game lasted 00:04:55 (1613 turns).

pulse the Formicid Blade (Formicid Berserker)       Turns: 1613, Time: 00:04:56

Health: -8/85      AC: 12    Str: 25    XL:     11   Next: 43%
Magic:  15/15      EV: 12    Int: 10    God:    Trog [******]
Gold:   9          SH:  0    Dex: 10    Spells: 0 memorised, 10 levels left

rFire  . . .     SeeInvis +     y - +6 demon blade (elec)
rCold  . . .     Clarity  .     o - +2 ring mail
rNeg   . . .     SustAt   .     (no shield)
rPois  .         Gourm    .     (helmet unavailable)
rElec  .         Spirit   .     a - +0 cloak
rCorr  .         Warding  .     (no gloves)
rMut   .         Stasis   +     n - +0 pair of boots
MR     +....                    (no amulet)
Stlth  ++........               p - +3 ring of intelligence
                                q - +2 ring of protection

@: somewhat resistant to hostile enchantments, unstealthy
A: permanent stasis, dig shafts and tunnels, four strong arms, antennae 3
a: Dig, Burn Spellbooks, Trog's Hand, Brothers in Arms, Renounce Religion


You were in the Dungeon.
You worshipped Trog.
Trog was exalted by your worship.
You were completely stuffed.

You visited 1 branch You collected 9 gold pieces.

Inventory:

Hand weapons
 w - a +3 antimagic great sword
 y - a +6 demon blade of electrocution (weapon)
Armour
 a - a +0 cloak (worn)
 n - a +0 pair of boots (worn)
 o - a +2 ring mail (worn)
Jewellery
 p - a +3 ring of intelligence (right hand)
 q - a +2 ring of protection (left hand)
Magical devices
 l - a wand of fire (9)
Scrolls
 i - 3 scrolls of blinking
 k - 2 scrolls of remove curse
 t - a scroll of fog
 u - 2 scrolls of identify
 v - a scroll of fear
 z - a scroll of enchant weapon
Potions
 b - a potion of resistance
 d - a potion of invisibility
 e - 4 potions of heal wounds
 f - a potion of haste
 g - 4 potions of magic
 h - 2 potions of berserk rage
 j - 2 potions of curing
 r - a potion of brilliance
Comestibles
 c - 12 bread rations
 m - 40 fruits
 x - 11 meat rations


   Skills:
 - Level 7.7 Fighting
 * Level 22.2 Long Blades
 - Level 4.5 Armour
 - Level 4.3 Dodging
 + Level 3.6 Stealth
 + Level 5.5 Evocations


You had 10 spell levels left.
You didn't know any spells.

Dungeon Overview and Level Annotations

Branches:
Dungeon (1/1)

Altars:
Cheibriados
Dithmenos
Elyvilon
Fedhas
Gozag
Kikubaaqudgha
Makhleb
Nemelex Xobeh
Okawaru
Qazlal
Ru
Sif Muna
Trog
Vehumet
Xom
Yredelemnul
Zin
The Shining One
Beogh
Jiyva
Lugonu


Innate Abilities, Weirdness & Mutations

You are under a permanent stasis effect.
You can dig through walls and to a lower floor.
Your four strong arms can wield two-handed weapons with a shield.
You have a pair of large antennae on your head (SInv).


Message History

Unknown command.
You are too injured to fight recklessly!
Unknown command.
You are too injured to fight recklessly!
Unknown command.
You are too injured to fight recklessly!
Unknown command.
You are too injured to fight recklessly!
Unknown command.
You are too injured to fight recklessly!
Drink which item? (? for menu, Esc to quit)
This potion cannot work under stasis.
Drink which item? (? for menu, Esc to quit)
You feel much better.
The orc warrior hits you with a battleaxe!!
* * * LOW HITPOINT WARNING * * *
The orc wizard mumbles some strange words.
The orc wizard blinks!
The orc warrior hits you from afar with a glaive!!
You die...

▓.▓†▓.▓_▓
▓.▓.▓†▓.▓_▓
▓o▓.▓†▓.▓_▓
▓.▓.▓.▓.▓_▓
▓o▓.▓.▓.▓_▓
▓o▓.▓.▓.▓_▓
▓o▓.▓.▓.▓'▓
▓o▓.▓.▓.▓.▓
▓@▓.▓.▓.▓.▓
▓o▓.▓)▓.▓.▓
▓)▓.▓(▓.▓.▓
▓.▓.▓.▓.▓.▓
▓.▓.▓.▓.▓†▓
▓.▓.▓.▓.▓.▓
▓.▓.▓.▓.▓.▓
▓.▓.▓.▓.▓.▓
▓.▓.▓'▓.▓.▓


You could see 2 orc warriors, 2 orc priests and 2 orc wizards.

Vanquished Creatures
  Josephine (D)
  A centaur warrior (D)
  An unseen horror (D)
  A hill giant (D)
  A black mamba (D)
  A gargoyle (D)
  2 spiny frogs (D)
  A komodo dragon (D)
  A fire drake (D)
  3 polar bears (D)
  A slime creature (D)
  3 yaks (D)
  5 wraiths (D)
  2 hippogriffs (D)
  A basilisk (D)
  2 water moccasins (D)
  2 orc warriors (D)
  3 porcupines (D)
  5 black bears (D)
  A giant frog (D)
  An iguana (D)
  An orc wizard (D)
  A worker ant (D)
  A quasit (D)
  An orc priest (D)
  2 jellies (D)
  A sheep (D)
  A river rat (D)
  An adder skeleton (D)
  3 orcs (D)
  2 bats (D)
  2 hobgoblins (D)
  A goblin (D)
  3 rats (D)
59 creatures vanquished.

Notes
Turn   | Place    | Note
--------------------------------------------------------------
     0 | D        | pulse the Formicid Berserker began the quest for the Orb.
     0 | D        | Reached XP level 1. HP: 18/18 MP: 1/1
     8 | D        | Acquired Trog's second power
    11 | D        | Reached skill level 4 in Fighting
    23 | D        | Noticed a worker ant
    27 | D        | Reached XP level 2. HP: 15/26 MP: 2/2
    43 | D        | Killed a worker ant
    43 | D        | Reached skill level 5 in Fighting
    43 | D        | Reached XP level 3. HP: 9/34 MP: 3/3
    53 | D        | Acquired Trog's third power
    53 | D        | HP: 1/34 [poisoned by a worker ant]
    58 | D        | Found a glowing silver altar of Zin.
    58 | D        | Found a glowing golden altar of the Shining One.
    58 | D        | Found an ancient bone altar of Kikubaaqudgha.
    58 | D        | Found a basalt altar of Yredelemnul.
    58 | D        | Found a shimmering altar of Xom.
    58 | D        | Found a radiant altar of Vehumet.
    59 | D        | Found an iron altar of Okawaru.
    60 | D        | Found a burning altar of Makhleb.
    61 | D        | Found a deep blue altar of Sif Muna.
    62 | D        | Found a bloodstained altar of Trog.
    63 | D        | Found a sparkling altar of Nemelex Xobeh.
    64 | D        | Found a white marble altar of Elyvilon.
    65 | D        | Found a roughly hewn altar of Beogh.
    66 | D        | Found a viscous altar of Jiyva.
    67 | D        | Found a corrupted altar of Lugonu.
    68 | D        | Found a blossoming altar of Fedhas.
    69 | D        | Found a snail-covered altar of Cheibriados.
    70 | D        | Found a shadowy altar of Dithmenos.
    71 | D        | Found a stormy altar of Qazlal.
    72 | D        | Found an opulent altar of Gozag.
    73 | D        | Found a sacrificial altar of Ru.
    94 | D        | Got the +2 scimitar of the Sun {flame, *Confuse rC+ Int+4}
   266 | D        | Noticed an orc warrior
   266 | D        | Noticed a hippogriff
   266 | D        | Noticed a quasit
   266 | D        | Noticed a hippogriff
   266 | D        | Noticed an orc warrior
   266 | D        | Noticed a jelly
   268 | D        | Killed a jelly
   268 | D        | Reached skill level 6 in Fighting
   268 | D        | Reached skill level 5 in Long Blades
   268 | D        | Reached XP level 4. HP: 33/41 MP: 4/4
   278 | D        | Killed an orc warrior
   278 | D        | Reached skill level 7 in Fighting
   278 | D        | Reached XP level 5. HP: 23/49 MP: 5/5
   285 | D        | Killed a hippogriff
   285 | D        | Reached skill level 10 in Long Blades
   285 | D        | Reached XP level 6. HP: 32/56 MP: 6/6
   286 | D        | Killed a quasit
   294 | D        | Killed a hippogriff
   294 | D        | Reached skill level 12 in Long Blades
   294 | D        | Reached XP level 7. HP: 16/61 MP: 7/7
   296 | D        | Killed an orc warrior
   522 | D        | Noticed an unseen horror
   522 | D        | Noticed a gargoyle
   522 | D        | Noticed a hill giant
   522 | D        | Noticed a centaur warrior
   522 | D        | Noticed a jelly
   522 | D        | Noticed a slime creature
   525 | D        | Killed a slime creature
   525 | D        | Reached skill level 13 in Long Blades
   525 | D        | Reached XP level 8. HP: 50/68 MP: 8/8
   528 | D        | Killed a jelly
   528 | D        | Reached skill level 14 in Long Blades
   529 | D        | Killed a centaur warrior
   529 | D        | Reached skill level 15 in Long Blades
   529 | D        | Reached skill level 1 in Stealth
   529 | D        | Reached XP level 9. HP: 37/73 MP: 8/10
   532 | D        | Killed a hill giant
   532 | D        | Received a gift from Trog
   532 | D        | Reached skill level 16 in Long Blades
   533 | D        | Killed a gargoyle
   533 | D        | Reached skill level 17 in Long Blades
   539 | D        | Killed an unseen horror
   539 | D        | Reached skill level 18 in Long Blades
   837 | D        | Noticed an iguana
   837 | D        | Noticed a porcupine
   837 | D        | Noticed a giant frog
   837 | D        | Noticed a water moccasin
   837 | D        | Noticed a yak
   837 | D        | Noticed a komodo dragon
   840 | D        | Noticed a spiny frog
   840 | D        | Killed a komodo dragon
   840 | D        | Reached XP level 10. HP: 74/80 MP: 12/12
   842 | D        | Killed a yak
   844 | D        | Killed a water moccasin
   845 | D        | Killed a giant frog
   845 | D        | Reached skill level 19 in Long Blades
   850 | D        | Killed a porcupine
   850 | D        | Received a gift from Trog
   861 | D        | Killed an iguana
   864 | D        | Killed a spiny frog
  1037 | D        | Noticed a yak
  1037 | D        | Noticed a porcupine
  1037 | D        | Noticed a yak
  1037 | D        | Noticed a fire drake
  1037 | D        | Noticed a spiny frog
  1037 | D        | Noticed a black mamba
  1042 | D        | Noticed a water moccasin
  1046 | D        | Killed a black mamba
  1047 | D        | Killed a spiny frog
  1048 | D        | Killed a fire drake
  1048 | D        | Received a gift from Trog
  1048 | D        | Reached skill level 20 in Long Blades
  1051 | D        | Noticed a basilisk
  1052 | D        | Killed a yak
  1054 | D        | Noticed a porcupine
  1055 | D        | Killed a porcupine
  1060 | D        | Killed a yak
  1062 | D        | Killed a water moccasin
  1065 | D        | Killed a basilisk
  1067 | D        | Killed a porcupine
  1267 | D        | Noticed a polar bear
  1267 | D        | Noticed a black bear
  1267 | D        | Noticed a polar bear
  1267 | D        | Noticed a black bear
  1267 | D        | Noticed a black bear
  1267 | D        | Noticed a black bear
  1268 | D        | Noticed a polar bear
  1269 | D        | Killed a black bear
  1270 | D        | Killed a black bear
  1276 | D        | Killed a polar bear
  1276 | D        | Reached XP level 11. HP: 71/85 MP: 4/14
  1279 | D        | Killed a black bear
  1279 | D        | Received a gift from Trog
  1279 | D        | Reached skill level 21 in Long Blades
  1279 | D        | Reached skill level 5 in Evocations
  1286 | D        | Killed a polar bear
  1291 | D        | Killed a polar bear
  1292 | D        | Noticed a black bear
  1296 | D        | Killed a black bear
  1300 | D        | Killed a black bear
  1425 | D        | Noticed a wraith
  1425 | D        | Noticed a wraith
  1427 | D        | Noticed a wraith
  1428 | D        | Noticed Josephine
  1429 | D        | Noticed a wraith
  1431 | D        | Noticed a wraith
  1446 | D        | Killed Josephine
  1448 | D        | Killed a wraith
  1452 | D        | Killed a wraith
  1452 | D        | Reached skill level 22 in Long Blades
  1454 | D        | Killed a wraith
  1460 | D        | Killed a wraith
  1465 | D        | Killed a wraith
  1594 | D        | Noticed an orc wizard
  1594 | D        | Noticed an orc wizard
  1594 | D        | Noticed an orc priest
  1595 | D        | Killed an orc priest
  1595 | D        | Killed an orc wizard
  1596 | D        | Noticed an orc warrior
  1597 | D        | Noticed an orc warrior
  1601 | D        | Received a gift from Trog
  1602 | D        | Noticed an orc wizard
  1608 | D        | Noticed an orc priest
  1611 | D        | Noticed an orc priest
  1613 | D        | Mangled by an orc warrior

Vault maps used:
D:        linesprint

Action                   |  1- 3 |  4- 6 |  7- 9 | 10-12 || total
-------------------------+-------+-------+-------+-------++-------
Melee: Falchion          |    39 |       |       |       ||    39
       Scimitar          |     2 |    22 |    14 |    32 ||    70
       Great sword       |       |       |       |    51 ||    51
       Demon blade       |       |       |       |    48 ||    48
Evoke: Wand              |       |       |     5 |     3 ||     8
  Use: Potion            |     1 |     2 |       |     3 ||     6
       Scroll            |       |       |     1 |     1 ||     2
  Eat: Chunk             |       |       |       |     1 ||     1
       Meat ration       |       |       |       |     1 ||     1
       Bread ration      |       |       |       |     1 ||     1
